 Dungeon Crawl Stone Soup version 0.31-a0-263-ge8cad7f256 (webtiles) character file.

Game seed: 14425873520062141401

91 qw the Shooter (level 4, -4/36 HPs)
             Began as a Minotaur Hexslinger on July 13, 2023.
             Slain by an orc wizard
             ... wielding a +4 dagger
              (5 damage)
             ... on level 2 of the Dungeon.
             The game lasted 00:00:37 (1843 turns).

qw the Shooter (Minotaur Hexslinger)                Turns: 1843, Time: 00:00:38

Health: -4/36      AC:  5    Str: 13    XL:     4   Next: 34%
Magic:  4/4        EV: 11    Int: 10    God:
Gold:   111        SH:  0    Dex: 14    Spells: 4/5 levels left

rFire   . . .        Y - +1 sling
rCold   . . .        (no shield)
rNeg    . . .        f - +0 ring mail
rPois   .            (helmet restricted)
rElec   .            (no cloak)
rCorr   .            (no gloves)
SInv    .            (no boots)
Will    .....        (no amulet)
Stlth   +            (no ring)
HPRegen 0.26/turn    (no ring)
MPRegen 0.09/turn

%: no passive effects
@: no status effects
A: horns 2, retaliatory headbutt
a: no special abilities


You were on level 2 of the Dungeon.
You visited 1 branch of the dungeon, and saw 3 of its levels.

You collected 111 gold pieces.


Innate Abilities, Weirdness & Mutations

You have a pair of horns on your head.
You reflexively headbutt those who attack you in melee.


   Skills:
 - Level 2.0 Fighting
 + Level 4.6 Ranged Weapons
 - Level 1.3 Armour
 - Level 2.1 Dodging
 - Level 1.0 Spellcasting
 - Level 2.0 Hexes


You had 4 spell levels left.
You knew the following spells:

 Your Spells              Type           Power      Damage    Failure   Level
a - Slow                  Hex            16%        N/A       32%         1

Your spell library contained the following spells:

 Spells                   Type           Power      Damage    Failure   Level
 Inner Flame              Hex/Fire       2%         N/A       82%         3
 Portal Projectile        Hex/Tloc       4%         N/A       82%         3
 Cause Fear               Hex            2%         N/A       97%         4

Inventory:

Hand Weapons
 Y - a +1 sling (weapon)
Armour
 f - a +0 ring mail (worn)
Potions
 b - a potion of haste {unknown}
 d - a potion of mutation {unknown}
 e - a potion of heal wounds
 g - a potion of brilliance {unknown}

Dungeon Overview and Level Annotations

Branches:
Dungeon (3/15)

Altars:
Kikubaaqudgha


Message History

The sling bullet closely misses the orc wizard.
The orc wizard closely misses you.
You shoot a sling bullet.
The sling bullet closely misses the orc wizard.
The orc wizard hits you but does no damage.
You shoot a sling bullet. The sling bullet hits the orc wizard.
The orc wizard is almost dead.
The orc wizard hits you with a +4 dagger.
The orc wizard closely misses you.
You shoot a sling bullet.
The sling bullet closely misses the orc wizard.
The orc wizard gestures wildly while chanting.
The orc wizard flickers and vanishes!
Deactivating autopickup; reactivate with Ctrl-A.
You shoot a sling bullet.
You hear some strange, mumbled words.
A puff of flame appears from out of thin air!
The puff of flame hits you.
You shoot a sling bullet. Something hits you!
You shoot a sling bullet. Something hits you.
You hear some strange, mumbled words.
A magic dart appears from out of thin air!
The magic dart hits you.
You shoot a sling bullet.
You hear some strange, mumbled words.
You are confused.
You shoot a sling bullet. Something hits you.
You shoot a sling bullet. Something hits you but does no damage.
Something hits you.
You shoot a sling bullet. Something hits you but does no damage.
You shoot a sling bullet.
You feel less confused. Something hits you.
You shoot a sling bullet. Something hits you.
You die...

.##########....# #.# #.#
.............#.# #.# #.#
.8..#..#####.#.# #.# #.#
...##......#.#.# #.# ####.###
#####......#.#.###.# #......#
...##..###.#.#...#.#####.######
.8..#........#.#.#...........#
.......###.###.#.#######.###.#
...##..........{@# #.# #.#
..######.......)## #.###.#
................# #.#...#
########........########.#.###
................'........#.#
##..............##########.#
##..............# #.#
##..............# #.#
##..............# #.#


There were no monsters in sight!

Vanquished Creatures
  A gnoll (D:1)
  3 adders
  2 worms (D:2)
  A dart slug (D:1)
  6 orcs
  4 bats
  3 endoplasms
  2 giant cockroaches
  5 hobgoblins
  3 quokkas
  3 ball pythons
  3 goblins
  2 rats
38 creatures vanquished.

Notes
Turn   | Place    | Note
-------+----------+-------------------------------------------
     0 | D:1      | qw the Minotaur Hexslinger began the quest for the Orb.
     0 | D:1      | Reached XP level 1. HP: 16/16 MP: 1/1
     0 | D:1      | 0 ||| qw: Version: 0.3-a-52-g30416fa
     0 | D:1      | 0 ||| qw: Game counter: 7497
     0 | D:1      | 0 ||| qw: Melee chars always use a shield: true
     0 | D:1      | 0 ||| qw: God list: Okawaru
     0 | D:1      | 0 ||| qw: Allow faded altars: false
     0 | D:1      | 0 ||| qw: Do Orc after clearing Dungeon:15 true
     0 | D:1      | 0 ||| qw: Do second Lair branch before Depths: true
     0 | D:1      | 0 ||| qw: Lair rune preference: random
     0 | D:1      | 0 ||| qw: Goals: Normal
     0 | D:1      | 0 ||| PLANNING D:1-11
    83 | D:1      | HP: 2/16 [quokka (5)]
   164 | D:1      | Reached skill level 3 in Ranged Weapons
   191 | D:1      | Reached XP level 2. HP: 23/23 MP: 2/2
   655 | D:1      | HP: 5/24 [gnoll/+0 flail (8)]
   657 | D:1      | Reached XP level 3. HP: 6/29 MP: 3/3
   821 | D:1      | 821 ||| UPGRADING to +0 ring mail.
   831 | D:1      | 831 ||| DROPPING +0 robe.
   832 | D:1      | 832 ||| READING scroll labelled GAMIYCKUTUN.
   837 | D:1      | 837 ||| DROPPING scroll of poison.
  1148 | D:2      | Reached skill level 4 in Ranged Weapons
  1244 | D:2      | Reached skill level 1 in Armour
  1247 | D:2      | Found an ancient bone altar of Kikubaaqudgha.
  1549 | D:2      | Reached XP level 4. HP: 29/36 MP: 4/4
  1650 | D:2      | 1650 ||| READING scroll labelled NOUSMO JIUPI.
  1651 | D:2      | 1651 ||| READING scroll labelled QARPHU LEUN.
  1652 | D:2      | 1652 ||| DRINKING 2 white potions.
  1701 | D:3      | 1701 ||| FLEEEEING.
  1702 | D:3      | 1702 ||| FLEEEEING.
  1703 | D:3      | 1703 ||| STAIRDANCE
  1794 | D:3      | 1794 ||| STAIRDANCE
  1818 | D:3      | 1818 ||| STAIRDANCE
  1829 | D:3      | 1829 ||| STAIRDANCE
  1837 | D:2      | HP: 7/36 [something/magic dart (4)]
  1840 | D:2      | HP: 2/36 [something (3)]
  1843 | D:2      | Slain by an orc wizard

Levels and vault maps discovered:
D:1:      roderic_octagonal_star, layout_basic, item_on_display_a
D:2:      layout_basic, basic_altar, mrwooster_statue_mirror
D:3:      layout_basic, minmay_overflow_temple_star_quad,
          shapermc_ecumenical_altar_mp_highgroup, uniq_grinder

Skill      XL: |  1  2  3 |
---------------+----------+-----
Ranged Weapons | 3 4 |  4.6
Fighting       | 2 |  2.0
Armour         | 1 |  1.3
Dodging        | |  2.1
Spellcasting   | |  1.0
Hexes          | |  2.0

Action                     |  1- 3 |  4- 6 || total
---------------------------+-------+-------++-------
   Fire: Sling             |   107 |    36 ||   143
    Use: Scroll            |     1 |     2 ||     3
         Potion            |       |     1 ||     1
 Armour: Robe              |     8 |       ||     8
         Ring mail         |     7 |     9 ||    16
  Dodge: Dodged            |    31 |    11 ||    42

Table legend:
 A = Non-vault XP
 B = Vault XP
 C = Vault XP percentage of total XP
 D = Non-vault monster count
 E = Vault monster count
 F = Vault count percentage of total count
                 A         B        C        D         E       F
            +---------+---------+-------+---------+---------+-------
      Total |     131 |       0 |   0.0 |      38 |       0 |   0.0
            +---------+---------+-------+---------+---------+-------
        D:1 |      45 |       0 |   0.0 |      17 |       0 |   0.0
        D:2 |      56 |       0 |   0.0 |      14 |       0 |   0.0
        D:3 |      30 |       0 |   0.0 |       7 |       0 |   0.0
            +---------+---------+-------+---------+---------+-------
